| TOP OF THE 1ST |
|
Cleveland Guardians batting - Pitching for Boston Red Sox : RHP Ted Burton
|
|
Pitching: RHP Ted Burton
|
|
|
Batting: RHB Jesús Castro
|
0-0: Ground out 4-3 (Groundball, 6M, EV 80.0 MPH)
|
|
Batting: RHB Liam Thompson
|
0-0: Ball 1-0: Reached via error on a dropped throw from 1B, E1 (Groundball, 34, EV 90.6 MPH)
|
|
Batting: RHB Ernie Jones
|
0-0: Foul Ball, location: 2F 0-1: Ball 1-1: Grounds into double play, 5-4-3 (Groundball, 5, EV 105.6 MPH)
|
| Top of the 1st over - 0 runs, 0 hits, 1 error, 0 left on base; Cleveland 0 - Boston 0 |
| BOTTOM OF THE 1ST |
|
Boston Red Sox batting - Pitching for Cleveland Guardians : LHP Jose C. Medina
|
|
Pitching: LHP Jose C. Medina
|
|
|
Batting: LHB Rafael Devers
|
0-0: Ball 1-0: Swinging Strike 1-1: Ball 2-1: Fly out, F9 (Line Drive, 9S, EV 90.0 MPH)
|
|
Batting: RHB Xander Bogaerts
|
0-0: Fly out, F8 (Line Drive, 8LS, EV 94.4 MPH)
|
|
Batting: RHB Jorge Souza
|
0-0: Called Strike 0-1: Ball 1-1: Ball 2-1: Ground out U3 (Groundball, 3S, EV 81.3 MPH)
|
| Bottom of the 1st over - 0 runs, 0 hits, 0 errors, 0 left on base; Cleveland 0 - Boston 0 |
| TOP OF THE 2ND |
|
Cleveland Guardians batting - Pitching for Boston Red Sox : RHP Ted Burton
|
|
Batting: RHB Hermengildo Forte
|
0-0: SINGLE (Groundball, 6MD, EV 102.5 MPH)
|
|
Batting: LHB José Álvarez
|
0-0: Swinging Strike 0-1: 2-RUN HOME RUN (Flyball, 7D, EV 103.1 MPH), Distance : 407 ft
|
|
Batting: RHB Juan Martínez
|
0-0: Swinging Strike 0-1: Foul Ball, location: 7LSF 0-2: Ball 1-2: Ground out 6-3 (Groundball, 6, EV 76.3 MPH)
|
|
Batting: RHB Juan González
|
0-0: Foul Ball, location: 3FF 0-1: Foul Ball, location: 2F 0-2: Foul Ball, location: 25F 0-2: Ball 1-2: Strikes out looking
|
|
Batting: LHB Joe Young
|
0-0: Called Strike 0-1: Ball 1-1: SOLO HOME RUN (Flyball, 8RXD, EV 112.5 MPH), Distance : 444 ft
|
|
Batting: RHB Ben Ramsey
|
0-0: Swinging Strike 0-1: Ball 1-1: Fly out, F8 (Line Drive, 8LM, EV 91.3 MPH)
|
| Top of the 2nd over - 3 runs, 3 hits, 0 errors, 0 left on base; Cleveland 3 - Boston 0 |
| BOTTOM OF THE 2ND |
|
Boston Red Sox batting - Pitching for Cleveland Guardians : LHP Jose C. Medina
|
|
Batting: RHB Kevin Plawecki
|
0-0: Called Strike 0-1: Called Strike 0-2: Ball 1-2: Fly out, F8 (Flyball, 8RM, EV 90.6 MPH)
|
|
Batting: SHB Cole Tucker
|
0-0: Foul Ball, location: 5F 0-1: Ball 1-1: SINGLE (Groundball, 6S, EV 66.3 MPH) (infield hit)
|
|
Batting: RHB Cristián Colón
|
0-0: Ball 1-0: Called Strike 1-1: Foul Ball, location: 9LMF 1-2: Foul Ball, location: 2F 1-2: Foul Ball, location: 9LMF 1-2: Foul Ball, location: 9LDF 1-2: Fly out, F8 (Flyball, 89XD, EV 105.0 MPH)
|
|
Batting: LHB Max Kepler
|
0-0: Ball Cole Tucker steals 2nd base 1-0: Called Strike 1-1: Called Strike 1-2: Ball 2-2: Foul Ball, location: 2LF 2-2: Foul Ball, location: 25FF 2-2: Strikes out swinging
|
| Bottom of the 2nd over - 0 runs, 1 hit, 0 errors, 1 left on base; Cleveland 3 - Boston 0 |
| TOP OF THE 3RD |
|
Cleveland Guardians batting - Pitching for Boston Red Sox : RHP Ted Burton
|
|
Pitching: RHP Jon Bascombe
|
|
|
Batting: RHB Jesús Castro
|
0-0: Fly out, F5 (Popup, 5, EV 76.3 MPH)
|
|
Batting: RHB Liam Thompson
|
0-0: Called Strike 0-1: Ball 1-1: Swinging Strike 1-2: Strikes out swinging
|
|
Batting: RHB Ernie Jones
|
0-0: Called Strike 0-1: DOUBLE (Line Drive, 89XD, EV 107.5 MPH)
|
|
Batting: RHB Hermengildo Forte
|
0-0: Called Strike 0-1: Foul Ball, location: 2F 0-2: SINGLE (Line Drive, 8LS, EV 96.3 MPH) Ernie Jones to third Runner from 3rd tries for Home, SAFE, throw by CF to home
|
|
Batting: LHB José Álvarez
|
0-0: Called Strike 0-1: Ball 1-1: Fielders Choice at 2nd, 6-4 (Groundball, 6, EV 98.1 MPH)
|
| Top of the 3rd over - 1 run, 2 hits, 0 errors, 1 left on base; Cleveland 4 - Boston 0 |
| BOTTOM OF THE 3RD |
|
Boston Red Sox batting - Pitching for Cleveland Guardians : LHP Jose C. Medina
|
|
Batting: RHB Steve Potter
|
0-0: Foul Ball, location: 5F 0-1: Swinging Strike 0-2: Ball 1-2: Foul Ball, location: 3FF 1-2: Fly out, F9 (Flyball, 9S, EV 72.5 MPH)
|
|
Batting: LHB Mal Bickerton
|
0-0: Fly out, F9 (Line Drive, 9, EV 98.1 MPH)
|
|
Batting: LHB Rafael Devers
|
0-0: DOUBLE (Flyball, 8LXD, EV 111.9 MPH)
|
|
Batting: RHB Xander Bogaerts
|
0-0: Ball 1-0: Foul Ball, location: 3DF 1-1: Fly out, F9 (Line Drive, 9S, EV 67.5 MPH)
|
| Bottom of the 3rd over - 0 runs, 1 hit, 0 errors, 1 left on base; Cleveland 4 - Boston 0 |
| TOP OF THE 4TH |
|
Cleveland Guardians batting - Pitching for Boston Red Sox : RHP Jon Bascombe
|
|
Batting: RHB Juan Martínez
|
0-0: Ball 1-0: Ground out 4-3 (Groundball, 4, EV 103.1 MPH)
|
|
Batting: RHB Juan González
|
0-0: Ball 1-0: Ball 2-0: Ball 3-0: Base on Balls
|
|
Batting: LHB Joe Young
|
0-0: Called Strike 0-1: Fly out, F8 (Flyball, 8RM, EV 86.9 MPH)
|
|
Batting: RHB Ben Ramsey
|
0-0: Foul Ball, location: 2F 0-1: Swinging Strike 0-2: Strikes out swinging
|
| Top of the 4th over - 0 runs, 0 hits, 0 errors, 1 left on base; Cleveland 4 - Boston 0 |
| BOTTOM OF THE 4TH |
|
Boston Red Sox batting - Pitching for Cleveland Guardians : LHP Jose C. Medina
|
|
Batting: RHB Jorge Souza
|
0-0: Ball 1-0: Called Strike 1-1: Ball 2-1: Ball 3-1: DOUBLE (Line Drive, 78M, EV 92.5 MPH)
|
|
Pitching: RHP Jesús Moya
|
|
|
Batting: RHB Kevin Plawecki
|
0-0: Ball 1-0: Foul Ball, location: 25F 1-1: Foul Ball, location: 2F 1-2: SINGLE (Groundball, 4MD, EV 109.4 MPH) Jorge Souza to third Runner from 3rd tries for Home, throw by CF and OUT! 8-2 Kevin Plawecki to second
|
|
Batting: SHB Cole Tucker
|
0-0: Called Strike 0-1: Ball Wild Pitch! Kevin Plawecki to third 1-1: Ball 2-1: Ball 3-1: Called Strike 3-2: Foul Ball, location: 7LDF 3-2: Strikes out swinging
|
|
Batting: RHB Cristián Colón
|
0-0: Foul Ball, location: 3F 0-1: Ball 1-1: Foul Ball, location: 3FF 1-2: Fly out, F8 (Flyball, 8LXD, EV 107.5 MPH)
|
| Bottom of the 4th over - 0 runs, 2 hits, 0 errors, 1 left on base; Cleveland 4 - Boston 0 |
| TOP OF THE 5TH |
|
Cleveland Guardians batting - Pitching for Boston Red Sox : RHP Jon Bascombe
|
|
Pitching: LHP Juan Aguilar
|
|
|
Now at 3B: Nelson Martínez
|
|
|
Now at SS: Luis Gallardo
|
|
|
Now in LF: Bo Dawson
|
|
|
Pinch Hitting: LHB Dane Jackson
|
0-0: Called Strike 0-1: Ball 1-1: Ground out 6-3 (Groundball, 6M, EV 100.6 MPH)
|
|
Batting: LHB Joe Wendle
|
0-0: Called Strike 0-1: Ball 1-1: Ball 2-1: SINGLE (Flyball, 56D, EV 86.3 MPH)
|
|
Batting: RHB Ernie Jones
|
0-0: Called Strike 0-1: Ball 1-1: Fly out, F2 (Popup, 3SF, EV 83.8 MPH)
|
|
Batting: RHB Hermengildo Forte
|
0-0: Swinging Strike 0-1: Foul Ball, location: 2F 0-2: Strikes out swinging
|
| Top of the 5th over - 0 runs, 1 hit, 0 errors, 1 left on base; Cleveland 4 - Boston 0 |
| BOTTOM OF THE 5TH |
|
Boston Red Sox batting - Pitching for Cleveland Guardians : RHP Jesús Moya
|
|
Now at 1B: Dane Jackson
|
|
|
Now at 3B: Jesús Santos
|
|
|
Now at SS: Jorge Fuentes
|
|
|
Now in RF: Hugues Bertolucci
|
|
|
Batting: LHB Max Kepler
|
0-0: Ball 1-0: Ball 2-0: Ball 3-0: Base on Balls
|
|
Batting: RHB Steve Potter
|
0-0: Called Strike 0-1: Foul Ball, location: 9LMF 0-2: Grounds into double play, 6-4-3 (Groundball, 6, EV 96.3 MPH)
|
|
Batting: LHB Mal Bickerton
|
0-0: Ball 1-0: Ball 2-0: SOLO HOME RUN (Flyball, 9D, EV 98.1 MPH), Distance : 370 ft
|
|
Batting: LHB Rafael Devers
|
0-0: Ball 1-0: Ball 2-0: DOUBLE (Line Drive, 7LM, EV 106.9 MPH)
|
|
Batting: RHB Xander Bogaerts
|
0-0: Called Strike 0-1: Fly out, F7 (Line Drive, 7, EV 104.4 MPH)
|
| Bottom of the 5th over - 1 run, 2 hits, 0 errors, 1 left on base; Cleveland 4 - Boston 1 |
| TOP OF THE 6TH |
|
Cleveland Guardians batting - Pitching for Boston Red Sox : LHP Juan Aguilar
|
|
Pitching: LHP Ryoma Endo
|
|
|
Now at 2B: Raúl Diharce
|
|
|
Now in RF: Mookie Betts
|
|
|
Batting: RHB Hugues Bertolucci
|
0-0: Fly out, F3 (Popup, 34S, EV 75.0 MPH)
|
|
Pinch Hitting: SHB Willi Castro
|
0-0: Ball 1-0: Ground out 5-3 (Groundball, 5, EV 83.8 MPH)
|
|
Batting: RHB Juan González
|
0-0: Ball 1-0: Fly out, F6 (Popup, 6M, EV 63.1 MPH)
|
| Top of the 6th over - 0 runs, 0 hits, 0 errors, 0 left on base; Cleveland 4 - Boston 1 |
| BOTTOM OF THE 6TH |
|
Boston Red Sox batting - Pitching for Cleveland Guardians : RHP Jesús Moya
|
|
Pitching: RHP Hunter Harvey
|
|
|
Now at 2B: Willi Castro
|
|
|
Now in LF: Robby Harper
|
|
|
Now in CF: Mike Sperring
|
|
|
Batting: RHB Bo Dawson
|
0-0: Ball 1-0: Ball 2-0: Ball 3-0: Called Strike 3-1: Foul Ball, location: 2RF 3-2: Foul Ball, location: 5SF 3-2: Foul Ball, location: 7LSFF 3-2: SINGLE (Line Drive, 9S, EV 88.8 MPH)
|
|
Batting: RHB Kevin Plawecki
|
0-0: Ball 1-0: Called Strike 1-1: Ball 2-1: Called Strike 2-2: SINGLE (Line Drive, 8LS, EV 98.1 MPH) Bo Dawson to second Runner from 2nd tries for 3rd, SAFE, throw by CF made to third
|
|
Batting: RHB Luis Gallardo
|
0-0: Fly out, F9 (Flyball, 9S, EV 85.6 MPH)
|
|
Batting: RHB Nelson Martínez
|
0-0: Ball 1-0: Called Strike 1-1: Swinging Strike 1-2: Strikes out swinging
|
|
Batting: RHB Jim Williamson
|
0-0: Called Strike 0-1: Ball 1-1: SINGLE (Flyball, 78S, EV 86.3 MPH) Bo Dawson scores Kevin Plawecki to second
|
|
Pinch Hitting: LHB Doug Watkins
|
0-0: Ball 1-0: Ball 2-0: Foul Ball, location: 2RF 2-1: Called Strike 2-2: Ball 3-2: Base on Balls Kevin Plawecki to third Jim Williamson to second
|
|
Batting: RHB Mookie Betts
|
0-0: Ball 1-0: Ball 2-0: Foul Ball, location: 2F 2-1: Ball 3-1: Base on Balls Kevin Plawecki scores Jim Williamson to third Doug Watkins to second
|
|
Pinch Hitting: RHB Sam Robbins
|
0-0: Ball 1-0: Foul Ball, location: 25F 1-1: Ball 2-1: Foul Ball, location: 5FF 2-2: Fielders Choice at 2nd, 5-4 (Groundball, 56, EV 85.0 MPH)
|
| Bottom of the 6th over - 2 runs, 3 hits, 0 errors, 3 left on base; Cleveland 4 - Boston 3 |
| TOP OF THE 7TH |
|
Cleveland Guardians batting - Pitching for Boston Red Sox : LHP Ryoma Endo
|
|
Pitching: RHP Craig Kimbrel
|
|
|
Now at 1B: Sam Robbins
|
|
|
Now in CF: Doug Watkins
|
|
|
Batting: RHB Robby Harper
|
0-0: Ball 1-0: Called Strike 1-1: Swinging Strike 1-2: Strikes out looking
|
|
Batting: RHB Jesús Santos
|
0-0: Ball 1-0: Ball 2-0: Called Strike 2-1: Ball 3-1: Base on Balls
|
|
Batting: LHB Dane Jackson
|
0-0: Called Strike 0-1: Foul Ball, location: 3F 0-2: Ball 1-2: Ball 2-2: Strikes out swinging
|
|
Pitching: RHP Sam Bell
|
|
|
Batting: LHB Joe Wendle
|
0-0: Ball 1-0: Called Strike 1-1: SINGLE (Line Drive, 9S, EV 88.8 MPH) Jesús Santos to second Runner from 2nd tries for 3rd, SAFE, throw by RF made to third
|
|
Batting: LHB Jorge Fuentes
|
0-0: Called Strike 0-1: Foul Ball, location: 2F 0-2: Strikes out looking
|
| Top of the 7th over - 0 runs, 1 hit, 0 errors, 2 left on base; Cleveland 4 - Boston 3 |
| BOTTOM OF THE 7TH |
|
Boston Red Sox batting - Pitching for Cleveland Guardians : RHP Hunter Harvey
|
|
Pitching: RHP Vito Porchianelo
|
|
|
Pinch Hitting: LHB Álex Silva
|
0-0: Called Strike 0-1: Fly out, F6 (Popup, 15, EV 80.0 MPH)
|
|
Batting: RHB Bo Dawson
|
0-0: Called Strike 0-1: Ground out 1-3 (Groundball, 15S, EV 62.5 MPH)
|
|
Batting: RHB Kevin Plawecki
|
0-0: Ball 1-0: Ground out U3 (Groundball, 34S, EV 60.6 MPH)
|
| Bottom of the 7th over - 0 runs, 0 hits, 0 errors, 0 left on base; Cleveland 4 - Boston 3 |
| TOP OF THE 8TH |
|
Cleveland Guardians batting - Pitching for Boston Red Sox : RHP Sam Bell
|
|
Pitching: RHP Tim McKnight
|
|
|
Now at 1B: Álex Silva
|
|
|
Now at 2B: Luis Gallardo
|
|
|
Now at 3B: Sam Robbins
|
|
|
Now at SS: Nelson Martínez
|
|
|
Batting: RHB Mike Sperring
|
0-0: Ball 1-0: Called Strike 1-1: Ball 2-1: Ground out 6-3 (Groundball, 6M, EV 108.8 MPH)
|
|
Batting: RHB Hugues Bertolucci
|
0-0: Called Strike 0-1: Ball 1-1: Swinging Strike 1-2: Ball 2-2: Foul Ball, location: 9LSF 2-2: Ball 3-2: Foul Ball, location: 2LF 3-2: Fly out, F8 (Flyball, 8RD, EV 85.6 MPH)
|
|
Batting: SHB Willi Castro
|
0-0: Ground out U3 (Groundball, 34, EV 91.3 MPH)
|
| Top of the 8th over - 0 runs, 0 hits, 0 errors, 0 left on base; Cleveland 4 - Boston 3 |
| BOTTOM OF THE 8TH |
|
Boston Red Sox batting - Pitching for Cleveland Guardians : RHP Vito Porchianelo
|
|
Pitching: RHP Jim Acosta
|
|
|
Batting: RHB Luis Gallardo
|
0-0: Called Strike 0-1: Called Strike 0-2: Ball 1-2: DOUBLE (Flyball, 8RD, EV 106.3 MPH)
|
|
Pinch Hitting: SHB Dan Combs
|
0-0: Ball 1-0: SINGLE (Line Drive, 89S, EV 91.9 MPH) Luis Gallardo to third
|
|
Batting: RHB Jim Williamson
|
0-0: Ball 1-0: Ball 2-0: Ball 3-0: Base on Balls Dan Combs to second
|
|
Batting: LHB Doug Watkins
|
0-0: Fly out, F4 (Line Drive, 4, EV 75.6 MPH)
|
|
Pinch Hitting: SHB Yoan Moncada
|
0-0: Ball 1-0: Foul Ball, location: 2F 1-1: Called Strike 1-2: Strikes out swinging
|
|
Batting: RHB Sam Robbins
|
0-0: SINGLE (Line Drive, 4MD, EV 94.4 MPH) Luis Gallardo scores Dan Combs to third Jim Williamson to second Runner from 3rd tries for Home, SAFE, throw by CF to home
|
|
Batting: LHB Álex Silva
|
0-0: Ball 1-0: Ball 2-0: Called Strike 2-1: Ball 3-1: Called Strike 3-2: Base on Balls Jim Williamson to third Sam Robbins to second
|
|
Pinch Hitting: RHB Konstancji Andrychowski
|
0-0: Ball 1-0: Ball 2-0: DOUBLE (Flyball, 8RXD, EV 106.9 MPH) Jim Williamson scores Sam Robbins scores Álex Silva to third Runner from 3rd tries for Home, SAFE, throw by CF to trailing runner, SAFE at third!
|
|
Pitching: RHP Heath Hembree
|
|
|
Batting: RHB Kevin Plawecki
|
0-0: Fly out, F4 (Popup, 4M, EV 53.8 MPH)
|
| Bottom of the 8th over - 5 runs, 4 hits, 0 errors, 1 left on base; Cleveland 4 - Boston 8 |
| TOP OF THE 9TH |
|
Cleveland Guardians batting - Pitching for Boston Red Sox : RHP Tim McKnight
|
|
Pitching: RHP Christopher Acosta
|
|
|
Now at 3B: Yoan Moncada
|
|
|
Now at SS: José Martínez
|
|
|
Now in LF: Steve Pratt
|
|
|
Now in RF: Konstancji Andrychowski
|
|
|
Pinch Hitting: RHB Juan Reyes
|
0-0: Called Strike 0-1: Swinging Strike 0-2: Strikes out swinging
|
|
Pinch Hitting: SHB Brett Austin
|
0-0: Called Strike 0-1: Ball 1-1: Called Strike 1-2: Ball 2-2: SINGLE (Groundball, 4MD, EV 99.4 MPH)
|
|
Batting: RHB Jesús Santos
|
0-0: Ball 1-0: Called Strike 1-1: Called Strike 1-2: Foul Ball, location: 9LSF 1-2: Fly out, F9 (Flyball, 9, EV 89.4 MPH)
|
|
Pinch Hitting: RHB Cecilio Aybar
|
0-0: Called Strike 0-1: Ball 1-1: Fly out, F9 (Line Drive, 9S, EV 95.0 MPH)
|
| Top of the 9th over - 0 runs, 1 hit, 0 errors, 1 left on base; Cleveland 4 - Boston 8 |
|